 Dungeon Crawl Stone Soup version 0.17-b1-36-g7b1967c (console) character file.

40 gw the Chiller (level 3, -4/28 HPs)
             Began as a Demigod Ice Elementalist on Nov 7, 2015.
             Slain by a gnoll
             ... wielding a +0 spear
              (6 damage)
             ... on level 2 of the Dungeon.
             The game lasted 00:02:08 (1771 turns).

gw the Chiller (Demigod Ice Elementalist)           Turns: 1771, Time: 00:02:08

Health: -4/28      AC:  3    Str: 11    XL:     3   Next: 14%
Magic:  8/8        EV: 12    Int: 21    God:
Gold:   55         SH:  0    Dex: 16    Spells: 1 memorised, 5 levels left

rFire  . . .     SeeInvis .     a - +0 club
rCold  . . .     Clarity  .     e - +0 leather armour
rNeg   . . .     SustAt   +     (no shield)
rPois  .         Gourm    .     (no helmet)
rElec  .         Spirit   .     (no cloak)
rCorr  .         Warding  .     (no gloves)
rMut   .         Stasis   .     (no boots)
MR     .....                    (no amulet)
Stlth  ++........               (no ring)
                                (no ring)

@: not resistant to hostile enchantments, unstealthy
A: high mp 1, sustain attributes
a: no special abilities


You were on level 2 of the Dungeon.
You were not hungry.

You visited 1 branch of the dungeon, and saw 2 of its levels.

You collected 55 gold pieces.

Inventory:

Hand Weapons
 a - a +0 club (weapon)
Armour
 e - a +0 leather armour (worn)
Books
 b - a book of Frost

   Spells                             Type                      Level
   a - Freeze                         Ice                          1
   b - Throw Frost                    Conjuration/Ice              2
   c - Ozocubu's Armour               Charms/Ice                   3
   d - Throw Icicle                   Conjuration/Ice              4
   e - Summon Ice Beast               Ice/Summoning                4
   f - Condensation Shield            Ice                          4
Comestibles
 c - a bread ration


   Skills:
 * Level 1.5 Fighting
 + Level 0.8 Maces & Flails
 + Level 1.2 Armour
 - Level 1.7 Dodging
 - Level 1.7 Stealth
 + Level 2.0 Spellcasting
   Level 0.8 Conjurations
 - Level 2.6 Ice Magic


You had 5 spell levels left.
You knew the following spells:

 Your Spells              Type           Power        Failure   Level  Hunger
a - Freeze                Ice            ##..         10%         1    #......


Dungeon Overview and Level Annotations

Branches:
Dungeon (2/15)


Innate Abilities, Weirdness & Mutations

You have an increased reservoir of magic (+10% MP).
Your attributes are resistant to harm.


Message History

Unknown command.
Unknown command.
Unknown command.
MOVING TO (-3,-2) Unknown command.
Unknown command.
Unknown command.
MOVING TO (-2,-1) Unknown command.
Unknown command.
Unknown command.
MOVING TO (-1,-1)
The gnoll shouts!
Unknown command.
Unknown command.
Unknown command.
MOVING TO (7,6)
The gnoll closely misses you. The quokka bites you.
The gnoll hits you with a spear.
You die...

#.###..>#####.......#
.. .. #...#
####....##### # #...#
#.#####.. .# #...#
#.# #.####.## ....
#.#####....$..#
#..........#..#
##..##.#..#[#.!####
#grg...#..#....?..<
#.p.g.##.......####
#..#g.##.g####.#
#...###..........#
.....## ##..########
##..# ##..# #.# ##.#
... .# ## ##


You could see 4 gnolls and a quokka.

Table legend:
 A = Turns spent in this place as a percentage of turns spent in the entire game.
 B = Non-inter-level travel turns spent in this place as a percentage of non-inter-level travel turns spent in the entire game.
 C = Inter-level travel turns spent in this place as a percentage of turns spent in this place.
 D = Turns resting spent in this place as a percentage of non-inter-level travel turns spent in this place.
 E = Turns spent auto-exploring this place as a percentage of non-inter-level travel turns spent in this place.
 F = Non-inter-level travel turns spent in this place divided by the number of levels of this place that you've seen.
                   A       B       C       D       E      F
               +-------+-------+-------+-------+-------+----------------------
         Total | 100.0 | 100.0 |   0.6 |   2.4 |   2.2 | 1441.0
       Dungeon | 100.0 | 100.0 |   0.6 |   2.4 |   2.2 | 1441.0
               +-------+-------+-------+-------+-------+----------------------

Table legend:
 A = Kills in this place as a percentage of kills in entire the game.
 B = Kills by you in this place as a percentage of kills by you in the entire game.
 C = Kills by friends in this place as a percentage of kills by friends in the entire game.
 D = Other kills in this place as a percentage of other kills in the entire game.
 E = Experience gained in this place as a percentage of experience gained in the entire game.
 F = Experience gained in this place divided by the number of levels of this place that you have seen.
                   A       B       C       D       E      F
               +-------+-------+-------+-------+-------+----------------------
         Total | 100.0 | 100.0 |  -nan |  -nan | 100.0 |  29.0
       Dungeon | 100.0 | 100.0 |  -nan |  -nan | 100.0 |  29.0
               +-------+-------+-------+-------+-------+----------------------

Vanquished Creatures
  An adder (D:1)
  An ooze (D:2)
  A ball python (D:1)
  4 bats
  5 goblins
  4 hobgoblins
  2 giant newts (D:1)
  6 kobolds
  A rat (D:2)
25 creatures vanquished.

Notes
Turn   | Place    | Note
--------------------------------------------------------------
     0 | D:1      | gw the Demigod Ice Elementalist began the quest for the Orb.
     0 | D:1      | Reached XP level 1. HP: 14/14 MP: 5/5
   824 | D:1      | Reached skill level 1 in Fighting
   886 | D:1      | Reached XP level 2. HP: 23/23 MP: 5/7
  1263 | D:1      | Reached skill level 1 in Armour
  1606 | D:2      | Reached XP level 3. HP: 28/28 MP: 5/8
  1771 | D:2      | Slain by a gnoll

Action                   || total
-------------------------++-------
 Cast: Freeze            ||    41
  Eat: Chunk             ||     3

Vault maps used:
D:1:      dpeg_arrival_castle, bh_walls_and_bars
D:2:      ecumenical_altar_2, dk_vineyard_2, nemelex_diamond_rough_becter
